 Dungeon Crawl Stone Soup version 0.25-a0-302-g9f758675c1 (webtiles) character file.

Game seed: 4754234105641198343, levelgen mode: deterministic

435 mopl the Ruffian (level 6, 0/47 HPs)
             Began as a Minotaur Transmuter on Dec 20, 2019.
             Slain by a big kobold zombie (4 damage)
             ... in an ossuary.
             The game lasted 00:08:12 (3882 turns).

mopl the Ruffian (Minotaur Transmuter)              Turns: 3882, Time: 00:08:13

Health: 0/47       AC:  3    Str: 14    XL:     6   Next: 68%
Magic:  2/10       EV:  7    Int: 14    God:
Gold:   230        SH:  0    Dex: 11    Spells: 6/12 levels left

rFire    + . .     SeeInvis .     - Unarmed
rCold    + + .     Gourm    .   (no shield)
rNeg     . . .     Faith    .   v - +1 robe of Lehetoe {rF+ rC++ Int+2}
rPois    .         Spirit   .   (helmet restricted)
rElec    .         Reflect  .   (no cloak)
rCorr    .         Harm     .   (no gloves)
MR       .....                  (boots currently unavailable)
Stlth    +.........             (no amulet)
HPRegen  0.15/turn              i - -5 ring of evasion (curse)
MPRegen  0.12/turn              (no ring)

@: appendage
A: retaliatory headbutt, horns 2, talons 3
a: End Transformation


You were in an ossuary.
You were not hungry.
You had grown temporary talons.
You visited 1 branch of the dungeon, and saw 4 of its levels.
You also visited: Ossuary.

You collected 230 gold pieces.

Inventory:

Hand Weapons
 u - a +1 flail of venom
Missiles
 a - 69 arrows
 e - 122 stones (quivered)
 g - 23 sling bullets
 l - 10 boomerangs
Armour
 v - the +1 robe of Lehetoe (worn) {rF+ rC++ Int+2}
   (You found it on level 4 of the Dungeon)

   It affects your intelligence (+2).
   It protects you from fire.
   It greatly protects you from cold.
Jewellery
 i - a cursed -5 ring of evasion (left hand)
Scrolls
 f - a scroll of immolation
 h - a scroll of remove curse {unknown}
 j - 2 scrolls of teleportation
 k - a scroll of enchant weapon {unknown}
 m - a scroll of fog {unknown}
 q - a scroll of amnesia {unknown}
 w - a scroll of magic mapping {unknown}
Potions
 b - a potion of agility {unknown}
 c - a potion of brilliance {unknown}
 n - 4 potions of curing {unknown}
 o - 2 potions of flight
 s - a potion of might {unknown}
 x - a potion of degeneration {unknown}
Comestibles
 d - 6 rations


   Skills:
 - Level 1.2 Fighting
 - Level 2.1 Dodging
 + Level 4.9 Unarmed Combat
 * Level 3.5 Spellcasting
 + Level 3.1 Transmutations
 - Level 1.0 Poison Magic


You had 6 spell levels left.
You knew the following spells:

 Your Spells              Type           Power        Failure   Level  Hunger
a - Beastly Appendage     Tmut           ##....       5%          1    None
b - Spider Form           Tmut/Pois      #.........   26%         3    ###....
w - Sticks to Snakes      Tmut           ##......     9%          2    ##.....

Your spell library contained the following spells:

 Spells                   Type           Power        Failure   Level  Hunger
 Ice Form                 Ice/Tmut       #.......     71%         4    ####...
 Blade Hands              Tmut           ##........   83%         5    ######.


Dungeon Overview and Level Annotations

Branches:
Dungeon (4/15)            Ossuary (1/1)
 Temple: D:4-7

Altars:
Ashenzari
Dithmenos
Fedhas

Shops:
D:4 [


Innate Abilities, Weirdness & Mutations

You reflexively headbutt those who attack you in melee.
You have a pair of horns on your head.
You have claws for feet.


Message History

Your adder bites the big kobold zombie.
The big kobold zombie hits your adder.
Your adder dies!
Unknown command.
Your ball python bites the big kobold zombie.
Your ball python constricts the big kobold zombie.
Your ball python bites the big kobold zombie.
The big kobold zombie hits your ball python.
Your ball python bites the big kobold zombie.
Your ball python constricts the big kobold zombie.
Unknown command.
Your ball python bites the big kobold zombie. x2
Your ball python constricts the big kobold zombie.
Unknown command.
You hit the big kobold zombie but do no damage.
Your ball python withers and dies!
The big kobold zombie misses your ball python.
Your ball python bites the big kobold zombie but does no damage.
Your ball python constricts the big kobold zombie.
The big kobold zombie hits you.
You die...

#.. .#. #..# #..#
..#. #.Z#
#..####..#. #..#
#..#....Z#. #..#
#..#..# #. #..#
#..#..# #. #..##
##Z.##.# ##. #Z.Z#
#..Z.#Z###.. #S.@#
#....#.Z.#.. #...##
##....##.##..
#....###......#'#...
#...................
#...................
####################


You could see a rat zombie, 2 big kobold zombies and a friendly ball python.

Vanquished Creatures
  2 elf zombies (Ossuary)
  A human zombie (Ossuary)
  2 orc wizards (D:3)
  A big kobold zombie (Ossuary)
  4 adders
  2 oozes
  An adder zombie (Ossuary)
  3 worms (D:2)
  A dart slug (D:3)
  A leopard gecko (D:2)
  7 orcs (D:3)
  A ball python (D:2)
  9 bats
  5 giant cockroaches
  8 goblins
  12 hobgoblins
  6 jackals
  3 quokkas
  4 frilled lizards
  2 goblin zombies (Ossuary)
  A hobgoblin zombie (Ossuary)
  6 kobolds
  A kobold zombie (Ossuary)
  3 orc zombies (Ossuary)
  A quokka zombie (Ossuary)
  8 rats
  4 rat zombies (Ossuary)
99 creatures vanquished.

Vanquished Creatures (collateral kills)
  2 human zombies (Ossuary)
2 creatures vanquished.

Grand Total: 101 creatures vanquished

Notes
Turn   | Place    | Note
-------+----------+-------------------------------------------
     0 | D:1      | mopl the Minotaur Transmuter began the quest for the Orb.
     0 | D:1      | Reached XP level 1. HP: 16/16 MP: 1/1
   180 | D:1      | Reached XP level 2. HP: 23/23 MP: 1/3
   204 | D:1      | Learned a level 2 spell: Sticks to Snakes
   315 | D:1      | Reached skill level 2 in Spellcasting
   331 | D:1      | Reached skill level 2 in Transmutations
   585 | D:1      | Reached XP level 3. HP: 28/28 MP: 3/5
   590 | D:1      | Learned a level 3 spell: Spider Form
  1555 | D:2      | Found a blossoming altar of Fedhas.
  2190 | D:2      | Reached XP level 4. HP: 32/35 MP: 4/6
  2716 | D:3      | Reached skill level 4 in Unarmed Combat
  2722 | D:3      | Found a shadowy altar of Dithmenos.
  2755 | D:3      | Reached skill level 1 in Poison Magic
  2758 | D:3      | Reached XP level 5. HP: 12/40 MP: 2/7
  3011 | D:3      | Found a shattered altar of Ashenzari.
  3605 | D:4      | Found Qempizxi's Armour Boutique.
  3666 | D:4      | Got a silken robe
  3677 | D:4      | Identified the +1 robe of Lehetoe {rF+ rC++ Int+2} (You
                  | found it on level 4 of the Dungeon)
  3701 | D:4      | Found a sand-covered staircase.
  3710 | Ossuary  | Entered an ossuary
  3733 | Ossuary  | Reached skill level 3 in Spellcasting
  3813 | Ossuary  | Reached XP level 6. HP: 21/47 MP: 9/9
  3821 | Ossuary  | Reached skill level 3 in Transmutations
  3863 | Ossuary  | HP: 1/47 [human zombie (5)]
  3882 | Ossuary  | Slain by a big kobold zombie

Levels and vault maps discovered:
D:1:      zelgadis_glass_arrival_small, layout_basic, kennysheep_minor_cross,
          wad_floor_pattern_1
D:2:      layout_loops_ring, fedhas_altar_1, serial_rivers,
          chequers_serial_rivers_micro_b, chequers_serial_rivers_room_b,
          chequers_serial_rivers_marsh, chequers_serial_rivers_large_a,
          chequers_serial_rivers_room_a, chequers_serial_rivers_small_b,
          patterned_corridor, uniq_crazy_yiuf_cottage
D:3:      layout_basic, nicolae_dithmenos_shadow_blocks, old_standard_altar
D:4:      layout_basic, enter_ossuary_1, first_ration, portal_sewer_entry_d,
          serial_shops, shop_fountains, uniq_pikel
Ossuary:  minmay_ossuary_two_tombs

Skill      XL: |  1  2  3  4  5  6 |
---------------+-------------------+-----
Spellcasting   | 2 3 |  3.5
Transmutations | 2 3 |  3.1
Unarmed Combat | 4 |  4.9
Poison Magic   | 1 |  1.0
Fighting       | |  1.2
Dodging        | |  2.1

Action                   |  1- 3 |  4- 6 || total
-------------------------+-------+-------++-------
Melee: Unarmed           |   121 |   162 ||   283
       Headbutt          |    12 |    22 ||    34
       Kick              |    17 |    23 ||    40
 Cast: Beastly Appendage |    20 |    17 ||    37
       Sticks to Snakes  |       |     9 ||     9
  Use: Scroll            |       |     7 ||     7
       Potion            |       |     4 ||     4
 Stab: Sleeping          |       |     1 ||     1
  Eat: Chunk             |     4 |     6 ||    10
       Ration            |       |     1 ||     1
Armor: Robe              |    28 |    32 ||    60
       Skin              |       |    35 ||    35
Dodge: Dodged            |    57 |    43 ||   100

Table legend:
 A = Non-vault XP
 B = Vault XP
 C = Vault XP percentage of total XP
 D = Non-vault monster count
 E = Vault monster count
 F = Vault count percentage of total count
                 A         B        C        D         E       F
            +---------+---------+-------+---------+---------+-------
      Total |     285 |     337 |  54.2 |      82 |      19 |  18.8
            +---------+---------+-------+---------+---------+-------
        D:1 |      52 |       0 |   0.0 |      27 |       0 |   0.0
        D:2 |      66 |       0 |   0.0 |      23 |       0 |   0.0
        D:3 |     152 |       0 |   0.0 |      30 |       0 |   0.0
        D:4 |      15 |       0 |   0.0 |       2 |       0 |   0.0
    Ossuary |       0 |     337 | 100.0 |       0 |      19 | 100.0
            +---------+---------+-------+---------+---------+-------
